 Dungeon Crawl Stone Soup version 0.27-a0-1177-g245c70e1c0 (webtiles) character file.

Game seed: 10281084614346671113

39431 Sobieck the Unseen (level 14, -24/96 HPs)
             Began as a Kobold Conjurer on May 16, 2021.
             Was an Elder of Ashenzari.
             Killed from afar by a fire dragon (52 damage)
             ... with a blast of flame
             ... on level 4 of the Lair of Beasts.
             The game lasted 00:57:17 (22669 turns).

Sobieck the Unseen (Kobold Conjurer)               Turns: 22669, Time: 00:57:18

Health: -24/96     AC: 16    Str:  8    XL:     14   Next: 39%
Magic:  1/28       EV: 23    Int: 22    God:    Ashenzari [****..]
Gold:   724        SH:  0    Dex: 20    Spells: 19/33 levels left

rFire    x . .     SeeInvis +   T - +6 rapier of Supernal Knowledge {flame, Str+2 Stlth+, short, Elem, Cun} (curse)
rCold    . . .     Faith    .   (shield restricted)
rNeg     . . .     Spirit   .   E - +2 steam dragon scales of the Bound Secrets {Bglg, Alch} (curse)
rPois    +         Reflect  .   e - +2 helmet of the Bound Irritation {Melee, Self} (curse)
rElec    .         Harm     .   G - +0 cloak "At What Cost Knowledge?" {Evo, Self} (curse)
rCorr    .         Rampage  .   (no gloves)
Will     ++...     Clarity  +   M - +0 pair of boots of the Sibylline Moon {rPois rF- Will+, Alch, Cun} (curse)
Stlth    +++++++++.             a - amulet of magic regeneration {@e2}
HPRegen  0.26/turn              Q - +6 ring of dexterity
MPRegen  0.46/turn              k - ring "I Knew You'd Do That" {AC+4, Range, Elem} (curse)

@: no status effects
A: small, no large weapons, nightstalker 3
a: Renounce Religion, Curse Item, Shatter the Chains


You were on level 4 of the Lair of Beasts.
You worshipped Ashenzari.
Ashenzari was greatly pleased with you.
You visited 3 branches of the dungeon, and saw 18 of its levels.

You collected 824 gold pieces.
You spent 100 gold pieces at shops.


Innate Abilities, Weirdness & Mutations

You are small and have problems with some larger weapons.
You are completely attuned to the shadows.


   Skills:
 + Level 11.2(14.3) Fighting
 - Level 8.1(10.4) Short Blades
 - Level 8.1(11.6) Dodging
 - Level 15.0(18.0) Stealth
 - Level 6.4(10.0) Spellcasting
 - Level 13.0(15.0) Conjurations
 - Level 4.0(6.1) Hexes
 - Level 4.0(6.1) Translocations
 - Level 7.7(10.0) Evocations


You had 19 spell levels left.
You knew the following spells:

 Your Spells              Type           Power      Damage    Failure   Level
a - Magic Dart            Conj           100%       1d8       0%          1
b - Searing Ray           Conj           100%       3d7       1%          2
c - Iskenderun's Mystic   Conj/Tloc      55%        2d12      1%          4
d - Gell's Gravitas       Tloc           19%        N/A       1%          3
e - Fulminant Prism       Conj/Hex       27%        3d14      1%          4

Your spell library contained the following spells:

 Spells                   Type           Power      Damage    Failure   Level
 Confusing Touch          Hex            38%        N/A       1%          3
 Dazzling Flash           Conj/Hex       100%       N/A       1%          3
 Metabolic Englaciation   Hex/Ice        12%        N/A       41%         5
 Yara's Violent Unravell  Hex/Tmut       12%        3d7       41%         5
 Petrify                  Tmut/Erth      13%        N/A       43%         4

Inventory:

Hand Weapons
 r - a +2 dagger of draining {short}
   (You took it off a kobold on level 2 of the Dungeon)
 F - a +1 dagger of freezing {short}
   (You bought it in a shop on level 6 of the Dungeon)
 I - a +0 falchion of electrocution {long}
   (You took it off an orc on level 7 of the Dungeon)
 T - the cursed +6 rapier of Supernal Knowledge (weapon) {flame, Str+2 Stlth+, short, Elem, Cun}
   (You found it on level 1 of the Lair of Beasts)

   It has been specially enchanted to burn those struck by it, causing extra
   injury to most foes and up to half again as much damage against particularly
   susceptible opponents.
   It affects your strength (+2).
   It makes you more stealthy.
   It has a curse which improves the following skills: Elements: Fire Magic, Ice
   Magic, Air Magic and Earth Magic.
   Cunning:   Dodging and Stealth.
Missiles
 f - 20 bolts
 h - 93 arrows
 l - 493 stones {throwing}
 s - 39 sling bullets
 w - 23 boomerangs {throwing}
 C - 9 silver boomerangs {throwing}
 K - 4 throwing nets {=f!fthrowing}
Armour
 e - the cursed +2 helmet of the Bound Irritation (worn) {Melee, Self}
   (You found it on level 1 of the Dungeon)

   It has a curse which improves the following skills: Melee Combat: Short
   Blades, Long Blades, Axes, Maces & Flails, Polearms, Staves and Unarmed
   Combat.
   Introspection: Fighting and Spellcasting.
 j - a +0 buckler
   (You found it on level 5 of the Lair of Beasts)
 v - the +1 robe of Hysteria {rPois Slay+2}
   (You found it on level 9 of the Dungeon)

   It affects your accuracy and damage with ranged weapons and melee attacks
   (+2).
   It protects you from poison.
 B - a +2 leather armour of poison resistance
   (You took it off an orc on level 5 of the Dungeon)
 E - the cursed +2 steam dragon scales of the Bound Secrets (worn) {Bglg, Alch}
   (You took it off Maggie on level 6 of the Dungeon)

   It has a curse which improves the following skills: Beguiling: Conjurations,
   Hexes and Translocations.
   Alchemy:   Poison Magic and Transmutations.
 G - the cursed +0 cloak "At What Cost Knowledge?" (worn) {Evo, Self}
   (You took it off Crazy Yiuf on level 6 of the Dungeon)

   It has a curse which improves the following skills: Evocations: Evocations.
   Introspection: Fighting and Spellcasting.
 M - the cursed +0 pair of boots of the Sibylline Moon (worn) {rPois rF- Will+, Alch, Cun}
   (You found it on level 8 of the Dungeon)

   It makes you vulnerable to fire.
   It protects you from poison.
   It increases your willpower.
   It has a curse which improves the following skills: Alchemy: Poison Magic and
   Transmutations.
   Cunning:   Dodging and Stealth.
 Y - the +10 crystal plate armour "Odeffool" {rN+, rare=g}
   (You found it on level 3 of the Lair of Beasts)

   It protects you from negative energy.
Magical Staves
 R - a staff of poison {!astaff}
   (You found it on level 10 of the Dungeon)
Jewellery
 a - an amulet of magic regeneration (around neck) {@e2}
   (You found it on level 4 of the Lair of Beasts)
 k - the cursed ring "I Knew You'd Do That" (right hand) {AC+4, Range, Elem}
   (You found it on level 1 of the Dungeon)

   [ring of protection]

   It affects your AC (+4).
   It has a curse which improves the following skills: Ranged Combat: Slings,
   Bows, Crossbows and Throwing.
   Elements:  Fire Magic, Ice Magic, Air Magic and Earth Magic.
 L - a ring of protection from fire
   (You found it on level 1 of the Lair of Beasts)
 Q - a +6 ring of dexterity (left hand)
   (You found it on level 9 of the Dungeon)
 S - a ring of willpower
   (You found it on level 1 of the Lair of Beasts)
Wands
 g - a wand of acid (4)
   (You found it on level 6 of the Dungeon)
 n - a wand of iceblast (16)
   (You took it off an orc on level 6 of the Dungeon)
 O - a wand of polymorph (15)
   (You found it on level 7 of the Dungeon)
 V - a wand of flame (19)
   (You found it on level 1 of the Lair of Beasts)
 W - a wand of charming (6)
   (You found it on level 2 of the Lair of Beasts)
 Z - a wand of digging (3)
   (You found it on level 3 of the Lair of Beasts)
Scrolls
 d - 4 scrolls of teleportation {@r4}
 t - a scroll of vulnerability {!r!r}
 y - a scroll of silence {!r}
 z - 3 scrolls of noise {!r}
 A - 9 scrolls of identify {@r1}
 H - 4 scrolls of immolation {!r!r}
 J - 2 scrolls of magic mapping {!r}
 P - a scroll of holy word
 U - a scroll of enchant weapon
Potions
 b - 5 potions of might
 c - 5 potions of flight
 i - 3 potions of curing {@q1}
 m - 2 potions of cancellation
 o - 3 potions of brilliance
 p - 4 potions of lignification {!q}
 q - a potion of haste {@q3}
 x - a potion of heal wounds {@q2}
 D - a potion of ambrosia
 N - a potion of berserk rage {!q}
 X - a potion of attraction {!q}

Dungeon Overview and Level Annotations

Branches:
Dungeon (12/15)            Temple (1/1) D:5            Lair (5/6) D:8
  Swamp (0/4) Lair:2       Spider (0/4) Lair:3        Slime (0/5) Lair:5
    Orc: D:9-12

Altars:
Ashenzari
Cheibriados
Dithmenos
Elyvilon
Fedhas
Gozag
Hepliaklqana
Kikubaaqudgha
Makhleb
Nemelex Xobeh
Okawaru
Qazlal
Ru
Sif Muna
Trog
Uskayaw
Vehumet
Wu Jian
Xom
Yredelemnul
Zin
The Shining One
Lugonu

Shops:
D:3 ?   D:6 (

Annotations:
D:5 exclusion: downstairs
D:6 exclusion: downstairs

.................................
...............>.................
.................................
...#####..#..................#...
....#######..................#...
....####.##......#..###..P...##..
...###..#.........#...##.#...##..
.....#.......................#...
...............D@##......#....#..
....#P#..#.......##..........#...
....###.###......#.###..#.....#.P
...####.P##......#.####.........#
...##############................
....≈######### #................
...≈#≈ * #................ ..≈##
* *** #................ ..### *
#................


You could see a fire dragon (catching breath).


Message History

There is a stone staircase leading up here. 😕 MP[+1]
You start resting. 😕 HP[+4] MP[+7]
You regained 4 hp, and now have 86/96 hp.
Your mp is fully restored (28).
You climb upwards.
There is a stone staircase leading down here. 😕 HP[+1]
There is a stone staircase leading down here.
There is a stone staircase leading down here.
A - 9 scrolls of identify {@r1} (gained 1)
A fire dragon is nearby! 😎 HP[+9]
Your hp is fully restored (96).
The fire dragon roars deafeningly!
You hear an angry hiss.
The fire dragon breathes flames at you. The blast of flame misses you.
Casting: Searing Ray (safe; 1% risk of failure)
Confirm with . or Enter, or press ? or * to list all spells.
Okay, then.
Casting: Searing Ray (safe; 1% risk of failure)
Confirm with . or Enter, or press ? or * to list all spells.
You erupt in a blast of force!
The mystic blast hits the fire dragon!
The fire dragon barely misses you.
The fire dragon claws you but does no damage.
The fire dragon misses you. 😎 MP[-4]
You lost 4 mp, and now have 24/28 mp.
Casting: Iskenderun's Mystic Blast (mildly dangerous; 1% risk of failure)
Confirm with . or Enter, or press ? or * to list all spells.
You erupt in a blast of force!
The mystic blast hits the fire dragon.
The fire dragon bites you! The fire dragon completely misses you.
The fire dragon tramples you but does no damage. 😕 HP[-14] MP[-3]
You take 14 damage, and now have 82/96 hp.
You lost 3 mp, and now have 21/28 mp.
Casting: Iskenderun's Mystic Blast (mildly dangerous; 1% risk of failure)
Confirm with . or Enter, or press ? or * to list all spells.
You erupt in a blast of force!
The mystic blast hits the fire dragon!
The fire dragon bites you but does no damage.
The fire dragon barely misses you.
The fire dragon completely misses you. 😕 MP[-4]
You lost 4 mp, and now have 17/28 mp.
Casting: Iskenderun's Mystic Blast (mildly dangerous; 1% risk of failure)
Confirm with . or Enter, or press ? or * to list all spells.
You erupt in a blast of force!
The mystic blast hits the fire dragon.
The fire dragon is knocked back by the mystic blast. 😕 MP[-3]
You lost 3 mp, and now have 14/28 mp.
Casting: Iskenderun's Mystic Blast (mildly dangerous; 1% risk of failure)
Confirm with . or Enter, or press ? or * to list all spells.
You erupt in a blast of force!
The mystic blast hits the fire dragon! 😕 HP[+1] MP[-4]
You lost 4 mp, and now have 10/28 mp.
You hit the fire dragon.
The fire dragon bites you but does no damage.
The fire dragon claws you.
The fire dragon barely misses you. 😕 HP[-6]
You take 6 damage, and now have 77/96 hp.
You barely miss the fire dragon. 😕 MP[+1]
You closely miss the fire dragon. The fire dragon misses you.
The fire dragon claws you but does no damage.
The fire dragon tramples you.
You hold your ground! 😕 HP[-4]
You take 4 damage, and now have 73/96 hp.
You hit the fire dragon but do no damage.
The fire dragon breathes flames at you. The blast of flame hits you!!!
The fire burns you terribly!
* * * LOW HITPOINT WARNING * * *
😨 HP[-46]
You take 46 damage, and now have 27/96 hp.
MASSIVE DAMAGE!! (PAUSE)
Casting: Iskenderun's Mystic Blast (mildly dangerous; 1% risk of failure)
Confirm with . or Enter, or press ? or * to list all spells.
You erupt in a blast of force!
The mystic blast hits the fire dragon!!
The fire dragon barely misses you. The fire dragon completely misses you.
The fire dragon closely misses you. 😨 MP[-3]
You lost 3 mp, and now have 8/28 mp.
Unknown command.
Casting: Iskenderun's Mystic Blast (mildly dangerous; 1% risk of failure)
Confirm with . or Enter, or press ? or * to list all spells.
You erupt in a blast of force!
The mystic blast hits the fire dragon!
The fire dragon is knocked back by the mystic blast.
You hear an angry hiss. 😨 HP[+1] MP[-4]
You lost 4 mp, and now have 4/28 mp.
Casting: Iskenderun's Mystic Blast (mildly dangerous; 1% risk of failure)
Confirm with . or Enter, or press ? or * to list all spells.
You erupt in a blast of force!
The mystic blast hits the fire dragon but does no damage. 😨 MP[-3]
You lost 3 mp, and now have 1/28 mp.
You hit the fire dragon but do no damage.
The fire dragon breathes flames at you. The blast of flame hits you!!!
The fire burns you terribly!
Ouch! That really hurt!
You die...

Skill      XL: |  1  2  3  4  5  6  7  8  9 10 11 12 13 14 |
---------------+-------------------------------------------+-----
Stealth        | 3 4 6 7 10 13 14 15 | 15.0
Fighting       | 1 2 3 4 5 7 8 11 | 11.2
Spellcasting   | 3 4 5 6 |  6.4
Conjurations   | 5 6 7 8 10 12 13 | 13.0
Translocations | 1 3 4 |  4.0
Hexes          | 3 4 |  4.0
Short Blades   | 3 4 5 8 |  8.1
Dodging        | 6 8 |  8.1
Evocations     | 7 |  7.7

Action                   |  1- 3 |  4- 6 |  7- 9 | 10-12 | 13-15 || total
-------------------------+-------+-------+-------+-------+-------++-------
Melee: Dagger            |    12 |     7 |    37 |    61 |       ||   117
       Rapier            |       |       |       |    30 |   190 ||   220
       Punch             |       |       |       |     1 |       ||     1
 Cast: Magic Dart        |    72 |    52 |    48 |    30 |       ||   202
       Searing Ray       |     1 |    20 |    42 |    88 |    28 ||   179
       Iskenderun's Myst |       |       |     4 |    27 |    24 ||    55
       Fulminant Prism   |       |       |       |     3 |     6 ||     9
Invok: Curse Item        |       |       |     1 |     4 |     1 ||     6
Evoke: Wand              |       |       |     6 |     6 |       ||    12
  Use: Scroll            |       |     6 |     1 |     4 |       ||    11
 Stab: Sleeping          |     3 |     2 |     7 |    37 |    29 ||    78
       Distracted        |       |       |       |     2 |     6 ||     8
       Held in net/web   |       |       |       |       |     1 ||     1
Armor: Robe              |     5 |     7 |    22 |       |       ||    34
       Steam dragon scal |       |       |       |    86 |    51 ||   137
Dodge: Dodged            |    13 |    14 |    71 |   142 |   206 ||   446

Levels and vault maps discovered:
D:1:      co_arrival_random_square_maze, layout_rooms,
          hellmonk_ecumenical_altar_lost_god,
          hangedman_abyss_or_decor_lesser_grid, chequers_serial_rivers_micro_e,
          minmay_worlds_worst_comb
D:2:      layout_basic, lexackson_kobold_supper, uniq_jessica
D:3:      layout_loops_ring, serial_shops, shop
D:4:      layout_basic, lemuel_crystal_altar, lemuel_zombie_altar_yredelemnul,
          lemuel_coloured_pillars_altar, general_overflow_altar, minmay_ruptured
D:5:      layout_basic, minmay_temple_entry_overgrown
D:6:      layout_rooms, nicolae_overflow_crystal_walls,
          nzn_wu_jian_council_hall, serial_shops, shop, uniq_eustachio,
          uniq_grinder, uniq_crazy_yiuf_cottage, uniq_maggie
D:7:      layout_loops_ring, grunt_dithmenos_smoke, tso_oasis_becter,
          uniq_harold
D:8:      layout_rooms, grunt_temple_overflow_bloody_war,
          nicolae_elyvilon_peaceful_grove, erik_lair_orcish_takeover
D:9:      layout_grid_maze, lightli_temple_of_fire
D:10:     layout_stronghold, lemuel_crystal_altar,
          nicolae_overflow_hidden_temple, fedhas_altar_1
D:11:     layout_loops_ring, orc_0_dummy
D:12:     nzn_motion_control, layout_basic, minmay_diamond_spiral
Temple:   corrupted_temple
Lair:1:   layout_roguey, uniq_erica
Lair:2:   layout_layer_cave, skrybe_swamp_entry_bodies
Lair:3:   nzn_winding_woodlands_huge [nzn_winding_woodlands_5x15_pathside_ponds,
          nzn_winding_woodlands_5x15_river_crossing,
          nzn_winding_woodlands_5x15_jagged, nzn_winding_woodlands_5x15_eye,
          nzn_winding_woodlands_5x15_parted,
          nzn_winding_woodlands_5x15_split_checker,
          nzn_winding_woodlands_5x15_pockets,
          nzn_winding_woodlands_5x15_crooked,
          nzn_winding_woodlands_5x15_lazy_stream,
          nzn_winding_woodlands_5x15_twine, nzn_winding_woodlands_center_lodge,
          nzn_winding_woodlands_center_pierced_h,
          nzn_winding_woodlands_15x15_eel_pit], layout_gridlike,
          spider_nest_entry_web_field
Lair:4:   layout_regular_city, bobbens_dragon_lair_wall
Lair:5:   layout_concentric_octagons, nicolae_slime_entry_slimehenge,
          nicolae_quartered_pool_little

Notes
Turn   | Place    | Note
-------+----------+-------------------------------------------
     0 | D:1      | Sobieck the Kobold Conjurer began the quest for the Orb.
     0 | D:1      | Reached XP level 1. HP: 10/10 MP: 3/3
     0 | D:1      | magus.rc [v1.9.6]
   210 | D:1      | HP: 1/10 [hobgoblin (3)]
   592 | D:1      | Reached XP level 2. HP: 16/16 MP: 0/5
   653 | D:1      | Found a faded altar of an unknown god.
   733 | D:1      | Reached skill level 3 in Stealth
   865 | D:1      | Learned a level 2 spell: Searing Ray
  1034 | D:1      | Reached XP level 3. HP: 20/20 MP: 2/6
  1036 | D:1      | Reached skill level 1 in Fighting
  2042 | D:2      | Reached XP level 4. HP: 25/25 MP: 4/7
  2469 | D:2      | Noticed Jessica
  2473 | D:2      | Killed Jessica
  2981 | D:3      | Reached XP level 5. HP: 30/30 MP: 4/9
  3070 | D:4      | Reached skill level 2 in Fighting
  3070 | D:4      | Reached skill level 4 in Stealth
  3070 | D:4      | Reached skill level 3 in Spellcasting
  3070 | D:4      | Reached skill level 5 in Conjurations
  3136 | D:3      | You pick up a book of Misfortune and begin reading...
  3136 | D:3      | You add the spells Confusing Touch, Gell's Gravitas,
                  | Petrify, Metabolic Englaciation and Yara's Violent
                  | Unravelling to your library.
  3194 | D:3      | Found Lituv's Magic Scroll Shop.
  3988 | D:3      | Reached XP level 6. HP: 36/36 MP: 6/10
  4196 | D:4      | Reached skill level 3 in Fighting
  4196 | D:4      | Reached skill level 6 in Conjurations
  4349 | D:5      | Entered Level 5 of the Dungeon
  4693 | D:4      | Reached XP level 7. HP: 41/41 MP: 4/11
  5123 | D:4      | Reached skill level 7 in Conjurations
  5128 | D:4      | Learned a level 4 spell: Iskenderun's Mystic Blast
  5132 | D:4      | Learned a level 3 spell: Gell's Gravitas
  5191 | D:4      | Reached skill level 4 in Spellcasting
  5191 | D:4      | Reached skill level 1 in Translocations
  5350 | D:4      | Learned a level 4 spell: Fulminant Prism
  5366 | D:4      | Found a shimmering altar of Xom.
  5559 | D:4      | Found a basalt altar of Yredelemnul.
  5649 | D:4      | Found an opulent altar of Gozag.
  5833 | D:4      | Reached XP level 8. HP: 46/46 MP: 10/14
  5973 | D:4      | Found an ancient bone altar of Kikubaaqudgha.
  6022 | D:4      | Reached skill level 1 in Hexes
  6588 | D:5      | Reached skill level 1 in Short Blades
  6588 | D:5      | Reached skill level 2 in Translocations
  6909 | D:5      | Found a staircase to the Ecumenical Temple.
  6915 | Temple   | Entered the Ecumenical Temple
  6949 | Temple   | Became a worshipper of Ashenzari the Shackled
  7422 | D:5      | Reached skill level 5 in Stealth
  7427 | D:5      | Reached skill level 2 in Hexes
  7821 | D:6      | Noticed a two-headed ogre
  7890 | D:5      | Killed a two-headed ogre
  7891 | D:5      | Reached skill level 3 in Short Blades
  7891 | D:5      | Reached skill level 6 in Stealth
  7891 | D:5      | Reached skill level 8 in Conjurations
  7891 | D:5      | Reached skill level 3 in Hexes
  7891 | D:5      | Reached skill level 3 in Translocations
  7891 | D:5      | Reached XP level 9. HP: 26/50 MP: 6/15
  8063 | D:6      | Noticed Grinder
  8074 | D:6      | Killed Grinder
  8075 | D:6      | Reached skill level 4 in Short Blades
  8075 | D:6      | Reached skill level 9 in Conjurations
  8148 | D:6      | Found an ornate altar of the Wu Jian Council.
  8217 | D:6      | Found a runed translucent door.
  8220 | D:6      | Noticed Crazy Yiuf
  8459 | D:6      | Noticed Eustachio
  8459 | D:6      | Noticed Maggie
  8564 | D:6      | Found Xilyd's Antique Weapon Emporium.
  8569 | D:6      | Killed Eustachio
  8570 | D:6      | Reached skill level 7 in Stealth
  8580 | D:6      | Killed Maggie
  8581 | D:6      | Reached skill level 10 in Conjurations
  8781 | D:6      | Bought a glowing dagger for 100 gold pieces
  8818 | D:6      | Found a sparkling altar of Nemelex Xobeh.
  9168 | D:6      | Killed Crazy Yiuf
  9222 | D:7      | Reached XP level 10. HP: 56/56 MP: 17/17
  9228 | D:7      | Noticed a freezing wraith
  9229 | D:7      | Noticed a death knight
  9229 | D:7      | Noticed a freezing wraith
  9229 | D:7      | Noticed a freezing wraith
  9357 | D:6      | Killed a freezing wraith
  9599 | D:7      | Reached skill level 4 in Fighting
  9599 | D:7      | Reached skill level 8 in Stealth
 10261 | D:7      | Noticed Harold
 10268 | D:7      | Killed Harold
 10269 | D:7      | Reached skill level 9 in Stealth
 10895 | D:7      | Reached skill level 11 in Conjurations
 10972 | D:7      | HP: 8/59 [freezing wraith[a death knight] (17)]
 11142 | D:7      | Found a glowing golden altar of the Shining One.
 11301 | D:9      | Reached skill level 10 in Stealth
 11476 | D:8      | Noticed a two-headed ogre
 11480 | D:8      | Killed a two-headed ogre
 11623 | D:9      | Noticed a two-headed ogre
 11625 | D:9      | Killed a two-headed ogre
 11626 | D:9      | Reached skill level 12 in Conjurations
 11626 | D:9      | Reached XP level 11. HP: 63/63 MP: 15/18
 11680 | D:9      | Identified the +1 robe of Hysteria {rPois Slay+2}
 11816 | D:8      | Reached * piety under Ashenzari
 12064 | D:8      | Found a staircase to the Lair.
 12068 | D:8      | Identified the +0 pair of boots "Laemule" {rPois rF- Will+}
 12222 | D:8      | Found an iron altar of Okawaru.
 12222 | D:8      | Found a bloodstained altar of Trog.
 12389 | D:7      | Found a shadowy altar of Dithmenos.
 12463 | D:7      | Reached skill level 11 in Stealth
 12463 | D:7      | Reached skill level 4 in Hexes
 12463 | D:7      | Reached skill level 4 in Translocations
 12837 | D:8      | Found a white marble altar of Elyvilon.
 13372 | D:10     | Entered Level 10 of the Dungeon
 13935 | D:9      | Reached ** piety under Ashenzari
 14015 | D:9      | Found a burning altar of Makhleb.
 14186 | D:9      | Reached skill level 12 in Stealth
 14866 | D:10     | Found a blossoming altar of Fedhas.
 14917 | D:10     | Reached skill level 5 in Spellcasting
 14918 | D:10     | Reached skill level 5 in Short Blades
 15249 | D:10     | Found a sacrificial altar of Ru.
 15432 | D:10     | Found a snail-covered altar of Cheibriados.
 15584 | D:11     | Reached skill level 5 in Fighting
 15768 | Lair:1   | Entered Level 1 of the Lair of Beasts
 15874 | Lair:1   | Reached skill level 13 in Stealth
 15971 | Lair:1   | Noticed a five-headed hydra
 16009 | Lair:1   | Killed a five-headed hydra
 16010 | Lair:1   | Reached XP level 12. HP: 34/72 MP: 11/23
 16199 | Lair:1   | Noticed a death yak
 16209 | Lair:1   | Noticed a death yak
 16252 | Lair:1   | HP: 16/72 [death yak[a torpor snail] (4)]
 16644 | Lair:1   | Identified the +6 rapier of Ywibauqi {flame, Str+2 Stlth+}
 16667 | Lair:1   | Reached skill level 6 in Short Blades
 16763 | Lair:1   | Noticed Erica
 16878 | Lair:1   | Reached skill level 6 in Fighting
 16878 | Lair:1   | Reached skill level 14 in Stealth
 17007 | Lair:1   | Reached *** piety under Ashenzari
 17118 | Lair:1   | Killed Erica
 17119 | Lair:1   | Reached skill level 7 in Short Blades
 17518 | Lair:2   | Found a staircase to the Swamp.
 17703 | Lair:2   | Reached skill level 7 in Fighting
 17706 | Lair:2   | Reached skill level 8 in Short Blades
 17797 | Lair:2   | Reached skill level 6 in Spellcasting
 18001 | Lair:2   | Reached skill level 3 in Dodging
 18006 | Lair:2   | Reached skill level 4 in Dodging
 18341 | Lair:2   | Reached skill level 5 in Dodging
 18729 | Lair:3   | Reached skill level 6 in Dodging
 18786 | Lair:3   | Found a hole to the Spider Nest.
 18943 | Lair:3   | Reached XP level 13. HP: 82/82 MP: 26/26
 18945 | Lair:3   | Reached skill level 7 in Dodging
 19050 | Lair:3   | Reached skill level 8 in Dodging
 19154 | Lair:3   | Reached skill level 1 in Evocations
 19160 | Lair:3   | Reached skill level 2 in Evocations
 19284 | Lair:3   | Reached skill level 3 in Evocations
 19376 | Lair:3   | Reached skill level 4 in Evocations
 19462 | Lair:3   | Reached **** piety under Ashenzari
 19489 | Lair:3   | Reached skill level 15 in Stealth
 19531 | Lair:4   | Reached skill level 5 in Evocations
 19568 | Lair:3   | Reached skill level 6 in Evocations
 19570 | Lair:3   | Noticed a four-headed hydra
 19574 | Lair:3   | Killed a four-headed hydra
 19580 | Lair:3   | Noticed a catoblepas
 19590 | Lair:3   | Killed a catoblepas
 19591 | Lair:3   | Reached skill level 7 in Evocations
 20227 | Lair:3   | Identified the +10 crystal plate armour "Odeffool" {rN+}
 20230 | Lair:3   | Noticed a six-headed hydra
 20236 | Lair:3   | Killed a six-headed hydra
 20259 | Lair:3   | Y - the +10 crystal plate armour "Odeffool" {rN+, rare=g}
 20618 | Lair:3   | Reached skill level 8 in Fighting
 21310 | Lair:4   | Noticed a five-headed hydra
 21332 | Lair:4   | Killed a five-headed hydra
 21333 | Lair:4   | Reached skill level 13 in Conjurations
 21333 | Lair:4   | Reached XP level 14. HP: 91/91 MP: 9/28
 21441 | Lair:4   | You drop the +10 crystal plate armour "Odeffool" {rN+,
                  | rare=g}.
 21450 | Lair:4   | Y - the +10 crystal plate armour "Odeffool" {rN+, rare=g}
 21551 | Lair:4   | Reached skill level 9 in Fighting
 21910 | Lair:4   | Reached skill level 10 in Fighting
 22426 | Lair:5   | Reached skill level 11 in Fighting
 22669 | Lair:4   | Killed from afar by a fire dragon

Vanquished Creatures
  4 hydras
  Harold (D:7)
  A catoblepas (Lair:3)
  Erica (Lair:1)
  3 two-headed ogres
  A bog body (Lair:2)
  A lindwurm (Lair:3)
  11 elephants
  9 black mambas
  2 torpor snails
  A gargoyle (D:11)
  11 cane toads
  Maggie (D:6)
  9 rime drakes
  5 komodo dragons (Lair:3)
  2 freezing wraiths
  2 polar bears (Lair:3)
  Grinder (D:6)
  A hornet (D:9)
  A dream sheep (Lair:3)
  7 blink frogs (Lair:3)
  A wraith (D:7)
  4 basilisks
  44 yaks
  2 wyverns
  Eustachio (D:6)
  5 steam dragons
  3 vampire mosquitoes (D:10)
  2 wargs (D:8)
  12 water moccasins
  3 orc warriors (D:8)
  2 ice beasts (D:7)
  2 sky beasts
  2 necrophages
  3 wolves (Lair:2)
  An ogre (D:4)
  2 centaurs
  A phantom (D:6)
  13 bullfrogs
  4 scorpions
  A wyvern skeleton (D:7)
  2 water moccasin skeletons (D:5)
  5 killer bees (D:11)
  5 howler monkeys
  2 electric eels (Lair:3)
  4 centaur zombies
  A gnoll shaman (D:4)
  4 hounds
  6 orc priests
  3 bullfrog skeletons
  A centaur skeleton (D:6)
  Crazy Yiuf (D:6)
  Jessica (D:2)
  5 iguanas
  A scorpion zombie (D:3)
  7 orc wizards
  6 hell rats (Lair:3)
  2 hound zombies (D:4)
  2 howler monkey zombies
  4 gnolls (D:4)
  2 howler monkey skeletons
  7 adders
  A shadow imp (D:6)
  A white imp (D:6)
  An ufetubus (D:6)
  2 dart slugs
  A worm (D:2)
  51 orcs
  5 endoplasms
  8 giant cockroaches
  4 goblins
  6 hobgoblins
  6 quokkas
  7 ball pythons
  6 bats
  5 frilled lizards
  11 kobolds
  7 rats
376 creatures vanquished.

Vanquished Creatures (others)
  A rime drake (Lair:4)
  A steam dragon (Lair:4)
  A butterfly (D:8)
  9 fulminant prisms
  17 fungi
  38 plants
67 creatures vanquished.

Grand Total: 443 creatures vanquished

Table legend:
 A = Non-vault XP
 B = Vault XP
 C = Vault XP percentage of total XP
 D = Non-vault monster count
 E = Vault monster count
 F = Vault count percentage of total count
                 A         B        C        D         E       F
            +---------+---------+-------+---------+---------+-------
      Total |   34871 |   21459 |  38.1 |     290 |      88 |  23.3
            +---------+---------+-------+---------+---------+-------
        D:1 |      44 |       8 |  15.4 |      28 |       4 |  12.5
        D:2 |      26 |      49 |  65.3 |      15 |       9 |  37.5
        D:3 |     106 |       0 |   0.0 |      21 |       0 |   0.0
        D:4 |     636 |     197 |  23.6 |      22 |       5 |  18.5
        D:5 |    1403 |       0 |   0.0 |      20 |       0 |   0.0
        D:6 |     879 |     883 |  50.1 |      25 |       4 |  13.8
        D:7 |    1744 |     997 |  36.4 |      23 |       1 |   4.2
        D:8 |    1625 |     682 |  29.6 |      18 |       8 |  30.8
        D:9 |    2160 |       0 |   0.0 |      12 |       0 |   0.0
       D:10 |    2040 |       0 |   0.0 |      11 |       0 |   0.0
       D:11 |     722 |       0 |   0.0 |       6 |       0 |   0.0
     Lair:1 |    5306 |     923 |  14.8 |      21 |       1 |   4.5
     Lair:2 |    4420 |     673 |  13.2 |      20 |       1 |   4.8
     Lair:3 |    4393 |   13379 |  75.3 |      24 |      42 |  63.6
     Lair:4 |    7091 |    3668 |  34.1 |      19 |      13 |  40.6
     Lair:5 |    2276 |       0 |   0.0 |       5 |       0 |   0.0
            +---------+---------+-------+---------+---------+-------

Illustrated notes

Table legend:
 A = Kills in this place as a percentage of kills in entire the game.
 B = Kills by you in this place as a percentage of kills by you in the entire game.
 C = Kills by friends in this place as a percentage of kills by friends in the entire game.
 D = Other kills in this place as a percentage of other kills in the entire game.
 E = Experience gained in this place as a percentage of experience gained in the entire game.
 F = Experience gained in this place divided by the number of levels of this place that you have seen.
                   A       B       C       D       E      F
               +-------+-------+-------+-------+-------+----------------------
         Total | 100.0 | 100.0 |   N/A | 100.0 | 100.0 | 3129.4
       Dungeon |  61.4 |  61.7 |   N/A |   0.0 |  25.2 | 1183.4
          Lair |  38.6 |  38.3 |   N/A | 100.0 |  74.8 | 8425.8
               +-------+-------+-------+-------+-------+----------------------

Table legend: (Time is in decaauts)
 A = Elapsed time spent in this place.
 B = Non-inter-level travel time spent in this place.
 C = Inter-level travel time spent in this place.
 D = Time resting spent in this place.
 E = Time spent auto-exploring this place.
 F = Levels seen in this place.
 G = Mean time per level.
                   A        B        C        D        E       F      G
               +--------+--------+--------+--------+--------+-----+--------+
         Total |  22729 |  21563 |   1166 |   4667 |  13271 |  18 | 1262.7 |
       Dungeon |  15753 |  14836 |    917 |   2546 |  10155 |  12 | 1312.8 |
        Temple |     58 |     45 |     13 |      0 |     26 |   1 |   58.0 |
          Lair |   6917 |   6682 |    235 |   2121 |   3089 |   5 | 1383.4 |
               +--------+--------+--------+--------+--------+-----+--------+

Top non-repeatable levels by time:
     D:4: 2383 daAuts
  Lair:3: 2366 daAuts
     D:6: 1904 daAuts
     D:7: 1841 daAuts
     D:1: 1780 daAuts
     D:5: 1582 daAuts
  Lair:1: 1562 daAuts
  Lair:4: 1559 daAuts
     D:9: 1461 daAuts
  Lair:2: 1377 daAuts
     D:8: 1294 daAuts
    D:10: 1162 daAuts
     D:3: 1147 daAuts
     D:2: 1084 daAuts
    D:11: 108 daAuts
